 Dungeon Crawl Stone Soup version 0.30-a0-469-g84de5afbc5 (webtiles) character file.

Game seed: 8375112122738056989

92123 Charly the Cruncher (level 16, -3/91 HPs)
             Began as a Vine Stalker Brigand on Dec 18, 2022.
             Was a Follower of Uskayaw.
             Slain by a freezing wraith (7 damage)
             ... on level 15 of the Dungeon on Dec 19, 2022.
             The game lasted 01:07:16 (25235 turns).

Charly the Cruncher (Vine Stalker Brigand)         Turns: 25235, Time: 01:07:17

Health: -3/91      AC: 13    Str: 27    XL:     16   Next: 5%
Magic:  0/36       EV: 11    Int: 13    God:    Uskayaw [*.....]
Gold:   2665       SH:  0    Dex: 21    Spells: 15/15 levels left

rFire   + + .      SeeInvis +    h - +7 lajatang "Kaiblaur" {freeze, Drain rF++ rN+ Dex+4}
rCold   . . .      Faith    .    (shield currently unavailable)
rNeg    + . .      Spirit   +    j - +1 chain mail of Intercession {rElec Int+2 SInv Stlth+}
rPois   .          Reflect  .    (no helmet)
rElec   +          Harm     .    L - +1 cloak
rCorr   .          Rampage  .    (no gloves)
Will    ++...                    (no boots)
Stlth   +++.......               R - amulet of regeneration
HPRegen 1.95/turn                z - +6 ring of strength
MPRegen 0.25/turn                C - ring of magical power

@: slowed, studying Stealth, very slow
A: fangs 3, regeneration 1, magic shield, antimagic bite, no potion heal 2
a: Renounce Religion, Stomp


You were on level 15 of the Dungeon.
You worshipped Uskayaw.
Uskayaw was pleased with you.
You visited 3 branches of the dungeon, and saw 21 of its levels.
You also visited: Sewer and Bailey.

You collected 3325 gold pieces.
You spent 660 gold pieces at shops.

Inventory:

Hand Weapons
 h - the +7 lajatang "Kaiblaur" (weapon) {freeze, Drain rF++ rN+ Dex+4}
   (You bought it in a shop on level 6 of the Dungeon)

   It freezes those it strikes, dealing additional cold damage.
   It can also slow down cold-blooded creatures.
   Dex:       It affects your dexterity (+4).
   rF:        It greatly protects you from fire.
   rN:        It protects you from negative energy.
   Drain:     It drains your maximum health when unequipped.
Missiles
 f - 3 curare-tipped darts (quivered)
 F - 26 poisoned darts
Armour
 j - the +1 chain mail of Intercession (worn) {rElec Int+2 SInv Stlth+}
   (You took it off a goblin in a bailey)

   Int:       It affects your intelligence (+2).
   rElec:     It insulates you from electricity.
   SInv:      It lets you see invisible.
   Stlth:     It makes you more stealthy.
 s - the +1 fire dragon scales of Dishonesty {*Corrode rPois rF++ rC- Dex+7 Stlth+}
   (You found it in a bailey)

   Dex:       It affects your dexterity (+7).
   rF:        It greatly protects you from fire.
   rC:        It makes you vulnerable to cold.
   rPois:     It protects you from poison.
   *Corrode:  It may corrode you when you take damage.
   Stlth:     It makes you more stealthy.
 L - a +1 cloak (worn)
Jewellery
 c - a ring of protection from cold
 n - a ring of positive energy
 z - a +6 ring of strength (left hand)
 C - a ring of magical power (right hand)
 R - an amulet of regeneration (around neck)
Wands
 d - a wand of flame (14)
 x - a wand of digging (5)
 H - a wand of paralysis (21)
 Q - a wand of quicksilver (3)
 T - a wand of polymorph (3)
Scrolls
 g - 2 scrolls of blinking
 i - 8 scrolls of teleportation
 k - 2 scrolls of silence
 m - a scroll of immolation
 o - 4 scrolls of enchant weapon
 v - a scroll of magic mapping
 y - a scroll of fog
 A - 2 scrolls of brand weapon
 D - 2 scrolls of poison
 O - a scroll of butterflies
 S - 3 scrolls of vulnerability
Potions
 a - a potion of berserk rage
 b - 9 potions of flight
 l - 5 potions of attraction
 p - 6 potions of brilliance
 q - 2 potions of ambrosia
 r - 6 potions of lignification
 t - 2 potions of haste
 u - 5 potions of might
 B - 6 potions of curing
 I - 2 potions of resistance
 K - 2 potions of mutation
 M - 2 potions of cancellation
 U - a potion of invisibility
Miscellaneous
 w - a condenser vane
 E - a box of beasts (inert)
 J - a tin of tremorstones (2/2)


   Skills:
 + Level 13.2 Fighting
 - Level 6.0 Short Blades
 * Level 13.9 Staves
 - Level 2.0 Throwing
 - Level 5.0 Armour
 - Level 3.7 Dodging
 - Level 10.0 Stealth
 + Level 13.8 Invocations
 - Level 6.8 Evocations


You had 15 spell levels left.
You didn't know any spells.
Your spell library contained the following spells:

 Spells                   Type           Power      Damage    Failure   Level
 Kiss of Death            Conj/Necr      0%         2d5       86%         1
 Magic Dart               Conj           0%         1d3       86%         1
 Blink                    Tloc           0%         N/A       95%         2
 Call Imp                 Summ           0%         N/A       95%         2
 Momentum Strike          Conj/Tloc      0%         3d8       95%         2
 Sublimation of Blood     Necr           0%         N/A       95%         2
 Confusing Touch          Hex            0%         N/A       99%         3
 Gell's Gravitas          Tloc           0%         N/A       99%         3
 Lesser Beckoning         Tloc           0%         N/A       99%         3
 Mephitic Cloud           Conj/Pois/Air  0%         N/A       99%         3
 Teleport Other           Tloc           0%         N/A       99%         3
 Animate Armour           Summ/Erth      0%         N/A       100%        4
 Dispel Undead            Necr           0%         3d6       100%        4
 Petrify                  Tmut/Erth      0%         N/A       100%        4
 Blade Hands              Tmut           0%         N/A       100%        5
 Irradiate                Conj/Tmut      0%         3d11      100%        5
 Summon Forest            Summ/Tloc      0%         N/A       100%        5
 Dispersal                Tloc           0%         N/A       100%        6
 Eringya's Noxious Bog    Tmut/Pois      0%         N/A       100%        6
 Iron Shot                Conj/Erth      0%         9d1       100%        6
 Summon Hydra             Summ           0%         N/A       100%        7


Dungeon Overview and Level Annotations

Branches:
Dungeon (15/15)            Temple (1/1) D:7            Lair (5/5) D:10
  Swamp (0/4) Lair:2       Spider (0/4) Lair:2        Slime (0/5) Lair:5
    Orc (0/2) D:12         Vaults (0/5) D:13         Depths (0/4) D:15
  Sewer (visited)          Bailey (visited)

Altars:
Ashenzari
Dithmenos
Elyvilon
Gozag
Hepliaklqana
Kikubaaqudgha
Makhleb
Nemelex Xobeh
Okawaru
Qazlal
Sif Muna
Trog
Uskayaw
Vehumet
Wu Jian
Zin
The Shining One

Shops:
D:1 [[   D:6 (   D:12 (

Portals:
Abyss: D:4

Annotations:
D:12 6 transporters
Lair:2 2 transporters, MackTheKnife's ghost, journeyman DsCK


Innate Abilities, Weirdness & Mutations

You have razor-sharp teeth.
Your natural rate of healing is unusually fast.
When hurt, damage is shared between your health and your magic reserves.
Your bite disrupts and absorbs the magic of your enemies.
Potions cannot restore your health.


Message History

The freezing wraith barely misses your juvenile shockox beast.
The freezing wraith hits your juvenile shockox beast.
The freezing wraith drains your juvenile shockox beast's vigour!
Your juvenile shockox beast seems to slow down.
Your juvenile shockox beast hits the freezing wraith but does no damage.
Your juvenile shockox beast closely misses the freezing wraith.
The freezing wraith hits your juvenile shockox beast.
The freezing wraith freezes your juvenile shockox beast!
Your juvenile shockox beast resists.
The freezing wraith barely misses your juvenile shockox beast.
Things that are here:
5 large rocks; a cyclops corpse The freezing wraith hits your juvenile shockox beast.
The freezing wraith freezes your juvenile shockox beast!
Your juvenile shockox beast resists.
The freezing wraith hits your juvenile shockox beast.
Your juvenile shockox beast bursts into living lightning!
The living lightning hits the freezing wraith!
Your juvenile shockox beast blinks!
You see here a +0 dagger of venom.
You hit the freezing wraith. Your bite misses the freezing wraith.
The freezing wraith is moderately damaged.
The freezing wraith hits you. The freezing wraith freezes you!!
* * * LOW HITPOINT WARNING * * *
The freezing wraith hits you.
* * * LOW HITPOINT WARNING * * *
You closely miss the freezing wraith. You bite the freezing wraith!
You drain its power.
You feel invigorated.
The freezing wraith is heavily damaged.
The freezing wraith hits you!
* * * LOW HITPOINT WARNING * * *
The freezing wraith freezes you!
* * * LOW HITPOINT WARNING * * *
The freezing wraith hits you but does no damage.
You closely miss the freezing wraith.
You bite the freezing wraith, but do no damage.
The freezing wraith is heavily damaged.
The freezing wraith hits you but does no damage.
The freezing wraith hits you!
You die...

##### ###...########
.............#####
.#....######†#...## .#.####
####..# .### #### .#.#
#.....# ... .....
...######.###.###.# ###..#
...)..... ####...#######..!#
[.....#####...<.@W).H..)...#
....!†......###.#######(..$#
......##### #.# #..####
##...### #.# #c.## .......##
#.# #..# ....##..... ...
...# .##.##.#### #!# ###..
.......# #.# ##. .##.##.## .


You could see a freezing wraith (ally target) and a friendly juvenile shockox
beast (summoned).

Vanquished Creatures
  Jorgrun (D:13)
  Kirke (D:14)
  A frost giant (D:15)
  Azrael (D:14)
  Snorg (Lair:5)
  Josephine (D:13)
  5 hydras
  Fannar (D:11)
  3 boulder beetles
  2 centaur warriors (D:14)
  3 catoblepae
  2 death knights
  7 two-headed ogres
  3 tengu warriors
  Amaemon (D:10)
  4 skeletal warriors (D:12)
  A lindwurm (Lair:2)
  A wizard (D:15)
  A phantasmal warrior (D:13)
  2 orc knights
  An oklob plant (D:10)
  2 deep elf pyromancers
  4 cyclopes
  15 ugly things
  5 manticores
  19 elephants
  4 black mambas
  An eye of devastation (shapeshifter) (D:13)
  An orange demon (Lair:1)
  8 cane toads
  A torpor snail (Lair:2)
  Maggie (D:8)
  A kobold demonologist (D:10)
  An unseen horror (shapeshifter) (D:14)
  9 komodo dragons
  2 rime drakes
  A freezing wraith (D:14)
  2 efreet
  A tengu conjurer (D:13)
  4 yaktaurs (D:15)
  A merfolk (shapeshifter) (D:13)
  5 polar bears (Lair:5)
  7 trolls
  A queen bee (D:10)
  The ghost of Athor the Shield-Bearer, an amateur FoFi of Uskayaw (D:4)
  4 hornets
  2 tyrant leeches (Lair:2)
  6 blink frogs
  17 slime creatures
  18 dream sheep
  A vampire (D:12)
  15 spriggans (Lair:5)
  Sigmund (D:3)
  3 shadows
  10 wraiths
  2 basilisks
  2 wyverns
  Eustachio (D:6)
  4 fire elementals (D:14)
  58 yaks
  A human (shapeshifter) (D:13)
  8 vampire mosquitoes
  2 steam dragons
  A swamp worm (Lair:2)
  Menkaure (D:5)
  An acid dragon (D:11)
  6 water moccasins
  A hell hound (D:14)
  12 orc warriors
  A sky beast (D:7)
  4 ice beasts
  5 black bears
  2 small abominations (D:4)
  4 boggarts (Lair:5)
  16 centaurs
  27 wolves
  2 ogres
  The ghost of rigao the Trooper, an amateur GrCA of Ignis (D:3)
  5 phantoms
  6 kobold brigands
  5 bullfrogs
  2 gnoll sergeants
  A necrophage (D:5)
  A scorpion (D:6)
  11 wights
  A troll zombie (D:12)
  9 killer bees (D:10)
  4 howler monkeys
  A jelly (D:6)
  2 bullfrog zombies (D:3)
  8 orc priests
  3 gnoll boudas
  A bullfrog skeleton (D:3)
  3 iguanas
  Ijyb (D:4)
  Natasha (thrice) (D:3)
  4 orc wizards
  Terence (D:2)
  7 ogre zombies (D:12)
  A howler monkey zombie (D:3)
  7 adders
  24 gnolls
  4 river rats (Sewer)
  3 white imps
  3 ufetubi (D:5)
  A worm (D:3)
  A dart slug (D:1)
  37 orcs
  8 ball pythons
  6 bats
  8 endoplasms
  6 giant cockroaches
  9 goblins
  11 hobgoblins
  10 jackals
  24 kobolds
  5 quokkas
  7 frilled lizards
  2 goblin skeletons (D:12)
  4 goblin zombies (D:12)
  A hobgoblin skeleton (D:12)
  4 hobgoblin zombies (D:12)
  2 orc skeletons (D:12)
  12 orc zombies (D:12)
  10 rats
668 creatures vanquished.

Vanquished Creatures (collateral kills)
  A two-headed ogre (D:10)
  2 slime creatures (D:13)
  A shadow (D:10)
  A water moccasin (Lair:5)
  A goblin (D:10)
6 creatures vanquished.

Vanquished Creatures (others)
  An unseen horror (shapeshifter) (D:14)
  A butterfly (D:3)
  19 fungi
  55 plants
76 creatures vanquished.

Grand Total: 750 creatures vanquished

Notes
Turn   | Place    | Note
-------+----------+-------------------------------------------
     0 | D:1      | Charly the Vine Stalker Brigand began the quest for the
                  | Orb.
     0 | D:1      | Reached XP level 1. HP: 11/11 MP: 2/2
   121 | D:1      | Reached skill level 5 in Stealth
   121 | D:1      | Reached XP level 2. HP: 15/15 MP: 3/3
   512 | D:1      | Found Qacvajeapt's Antique Armour Boutique.
   525 | D:1      | Found Zeime's Armour Emporium.
   748 | D:1      | Reached XP level 3. HP: 17/18 MP: 4/4
  1579 | D:2      | Noticed Terence
  1584 | D:2      | Killed Terence
  1585 | D:2      | Gained mutation: Your natural rate of healing is unusually
                  | fast. [Vine Stalker growth]
  1585 | D:2      | Reached XP level 4. HP: 23/23 MP: 5/5
  1756 | D:3      | Noticed Sigmund
  1767 | D:3      | Killed Sigmund
  1768 | D:3      | Reached XP level 5. HP: 28/28 MP: 6/6
  1768 | D:3      | Reached XP level 6. HP: 32/32 MP: 7/7
  1782 | D:3      | Noticed Natasha
  1807 | D:3      | Killed Natasha
  1862 | D:3      | Found a stormy altar of Qazlal.
  1923 | D:3      | Found a white marble altar of Elyvilon.
  1984 | D:3      | Found a transporter.
  1989 | D:3      | Noticed rigao's ghost (amateur GrCA)
  2006 | D:3      | Found a glowing drain.
  2020 | Sewer    | Entered a sewer
  2468 | Sewer    | Reached XP level 7. HP: 37/37 MP: 8/8
  3029 | D:3      | Noticed Natasha
  3038 | D:3      | Killed Natasha
  3241 | D:3      | Found a transporter.
  3302 | D:4      | Noticed Ijyb
  3305 | D:4      | Killed Ijyb
  3315 | D:4      | Found a shadowy altar of Dithmenos.
  3339 | D:4      | Found a shimmering blue altar of Sif Muna.
  3391 | D:4      | Found a one-way gate to the infinite horrors of the Abyss.
  3391 | D:4      | Noticed Athor's ghost (amateur FoFi)
  3414 | D:4      | Found a transporter.
  3414 | D:4      | Noticed a small abomination
  3423 | D:4      | Found a transporter.
  3695 | D:4      | Found an ancient bone altar of Kikubaaqudgha.
  3718 | D:4      | You fall into a shaft and drop 2 floors!
  3860 | D:6      | Found an opulent altar of Gozag.
  3929 | D:6      | Gained mutation: You have razor-sharp teeth. [Vine Stalker
                  | growth]
  3929 | D:6      | Reached XP level 8. HP: 37/42 MP: 9/9
  3996 | D:5      | Entered Level 5 of the Dungeon
  4022 | D:5      | Reached skill level 5 in Fighting
  4022 | D:5      | Reached skill level 5 in Short Blades
  4030 | D:5      | Noticed Menkaure
  4037 | D:5      | Killed Menkaure
  4262 | D:5      | Upgraded the game from 0.30-a0-465-g8901f6c8b5 to
                  | 0.30-a0-469-g84de5afbc5
  4837 | D:3      | Noticed Natasha
  4857 | D:3      | Killed Natasha
  4860 | D:3      | Found a transporter.
  4886 | D:3      | Found a stormy altar of Qazlal.
  4926 | D:3      | Found a white marble altar of Elyvilon.
  5503 | D:3      | Found a white marble altar of Elyvilon.
  5537 | D:3      | Found a stormy altar of Qazlal.
  5588 | D:3      | Found a transporter.
  5616 | D:3      | Found a transporter.
  6438 | D:3      | Found a white marble altar of Elyvilon.
  6482 | D:3      | Found a stormy altar of Qazlal.
  6531 | D:3      | Found a transporter.
  6559 | D:3      | Found a transporter.
  7229 | D:6      | Found Aroac's Antique Weapon Shoppe.
  7245 | D:6      | Reached XP level 9. HP: 48/48 MP: 10/10
  7329 | D:6      | Reached skill level 1 in Evocations
  7452 | D:6      | Reached skill level 1 in Armour
  7472 | D:6      | Noticed Eustachio
  7495 | D:6      | Killed Eustachio
  7496 | D:6      | Reached skill level 10 in Stealth
  8242 | D:7      | Found a staircase to the Ecumenical Temple.
  8251 | Temple   | Entered the Ecumenical Temple
  8256 | Temple   | Became a worshipper of Uskayaw the Reveller
  8290 | D:7      | Reached * piety under Uskayaw
  8389 | D:7      | Reached ** piety under Uskayaw
  8391 | D:7      | Reached skill level 1 in Invocations
  8516 | D:7      | Reached *** piety under Uskayaw
  8621 | D:7      | Noticed a troll
  8745 | D:7      | Reached XP level 10. HP: 48/55 MP: 12/12
  8756 | D:7      | Found an iron altar of Okawaru.
  8865 | D:7      | Reached **** piety under Uskayaw
  9093 | D:3      | Killed rigao's ghost
  9260 | D:8      | Reached ***** piety under Uskayaw
  9458 | D:8      | Noticed Maggie
  9465 | D:8      | Killed Maggie
  9466 | D:8      | Reached skill level 5 in Invocations
  9507 | D:8      | Noticed a manticore
  9569 | D:8      | Killed a manticore
 10156 | D:8      | Reached skill level 5 in Evocations
 10394 | D:8      | Found a hazy altar of Hepliaklqana.
 10547 | D:9      | Reached XP level 11. HP: 55/60 MP: 16/16
 11144 | D:9      | Noticed a two-headed ogre
 11151 | D:9      | Killed a two-headed ogre
 11152 | D:9      | Reached skill level 5 in Armour
 11152 | D:9      | Reached skill level 1 in Dodging
 11555 | D:9      | Paralysed by a hornet for 1 turns
 11885 | D:10     | Entered Level 10 of the Dungeon
 12050 | D:10     | Noticed a two-headed ogre
 12051 | D:10     | Found a flagged portal.
 12074 | D:10     | Killed a two-headed ogre
 12105 | D:10     | Noticed a sixfirhy
 12119 | Bailey   | Entered a bailey
 12145 | Bailey   | Noticed an orc knight
 12173 | Bailey   | Killed an orc knight
 12242 | Bailey   | Identified the +1 fire dragon scales of Dishonesty
                  | {*Corrode rPois rF++ rC- Dex+7 Stlth+}
 12427 | Bailey   | Identified the +1 chain mail of Intercession {rElec Int+2
                  | SInv Stlth+}
 12837 | D:6      | Bought an ivory lajatang for 660 gold pieces
 12837 | D:6      | Identified the +7 lajatang "Kaiblaur" {freeze, Drain rF++
                  | rN+ Dex+4} (You bought it in a shop on level 6 of the
                  | Dungeon)
 13159 | D:10     | Found an ornate altar of the Wu Jian Council.
 13202 | D:10     | Found a staircase to the Lair.
 13203 | D:10     | Noticed an oklob plant
 13360 | D:10     | Noticed a two-headed ogre
 13383 | D:10     | Killed a two-headed ogre
 13384 | D:10     | Reached skill level 1 in Staves
 13568 | D:10     | Noticed a two-headed ogre
 13598 | D:10     | Killed a two-headed ogre
 13939 | D:10     | Reached XP level 12. HP: 63/66 MP: 19/19
 14147 | D:11     | Noticed Fannar
 14266 | D:11     | Noticed a two-headed ogre
 14296 | D:11     | Killed a two-headed ogre
 14620 | D:11     | Killed Fannar
 15024 | D:11     | Noticed a boulder beetle
 15038 | D:11     | Killed a boulder beetle
 15612 | D:4      | Killed Athor's ghost
 15894 | Lair:1   | Entered Level 1 of the Lair of Beasts
 15894 | Lair:1   | Noticed Amaemon
 15980 | D:10     | Killed Amaemon
 16017 | Lair:1   | Reached skill level 5 in Staves
 16676 | Lair:2   | Reached skill level 10 in Invocations
 16693 | Lair:2   | Reached XP level 13. HP: 68/72 MP: 21/21
 16700 | Lair:2   | Reached skill level 10 in Fighting
 16705 | Lair:2   | Reached ****** piety under Uskayaw
 16863 | Lair:2   | Noticed MackTheKnife's ghost (journeyman DsCK)
 16865 | Lair:2   | Found a transporter.
 16906 | Lair:2   | Found a transporter.
 16917 | Lair:2   | Found a staircase to the Swamp.
 17023 | Lair:2   | Found a hole to the Spider Nest.
 19392 | Lair:5   | Entered Level 5 of the Lair of Beasts
 19442 | Lair:5   | Reached XP level 14. HP: 56/79 MP: 23/23
 19716 | Lair:5   | Noticed Snorg
 19727 | Lair:5   | Killed Snorg
 19728 | Lair:5   | Reached skill level 10 in Staves
 20397 | Lair:5   | Identified the +0 leather armour of Palekohu {+Blink rC-
                  | rCorr Dex-4}
 20607 | Lair:5   | Found a staircase to the Slime Pits.
 21146 | D:12     | Found a transporter.
 21164 | D:12     | Found a transporter.
 21486 | D:12     | Found Qiozu's Antique Weapon Shop.
 21644 | D:12     | Reached XP level 15. HP: 77/84 MP: 25/25
 21827 | D:12     | Found a staircase to the Orcish Mines.
 21885 | D:12     | Found a transporter.
 21905 | D:12     | Found a transporter.
 22081 | D:12     | Found a transporter.
 22083 | D:12     | Found a transporter.
 22816 | D:13     | Noticed Josephine
 22828 | D:13     | Killed Josephine
 23022 | D:13     | Identified the +2 robe of Ru's Approval {Will+ Regen+ Str-2
                  | Dex+2}
 23057 | D:13     | Found a gate to the Vaults.
 23112 | D:13     | Noticed Jorgrun
 23120 | D:13     | Killed Jorgrun
 23474 | D:14     | Identified a scroll of acquirement
 23663 | D:14     | Acquired 1130 gold pieces
 23767 | D:14     | Noticed Azrael
 23785 | D:14     | Killed Azrael
 24008 | D:14     | Noticed Kirke
 24013 | D:14     | Killed Kirke
 24711 | D:15     | Entered Level 15 of the Dungeon
 24894 | D:15     | Noticed a frost giant
 24895 | D:15     | Found a staircase to the Depths.
 24903 | D:15     | Killed a frost giant
 25124 | D:15     | Reached XP level 16. HP: 79/91 MP: 27/27
 25234 | D:15     | HP: 2/91 [freezing wraith (6)]
 25235 | D:15     | Slain by a freezing wraith

Illustrated notes

Levels and vault maps discovered:
D:1:      psy_arrival_dodecagon, layout_basic, serial_shops, shop, shop,
          moated_statue, minmay_unequal
D:2:      layout_loops_ring, uniq_terence
D:3:      layout_basic, nicolae_elyvilon_peaceful_grove, grunt_qazlal_clouds,
          portal_sewer_entry_b, gammafunk_ghost_mausoleum, uniq_natasha,
          uniq_sigmund
D:4:      kennysheep_six_static_rooms, layout_rooms,
          mainiacjoe_overflow_small_starburst, nicolae_sif_muna_condensation,
          mainiacjoe_overflow_brackets, gammafunk_ghost_abyssal_escape,
          uniq_ijyb
D:5:      layout_loops_ring, minivault_1, uniq_menkaure
D:6:      nicolae_cairo_tiling_very_big, layout_basic, grunt_gozag_statues,
          serial_shops, nicolae_diamond_shop, uniq_eustachio
D:7:      layout_loops_cross, okawaru_altar_gauntlet_db,
          minmay_temple_entry_tees, grunt_ministairs_12, minmay_misc_feat_five,
          lightli_corner_chamber
D:8:      layout_basic, worldfamousw_hep_ancestral_shrine, uniq_maggie
D:9:      layout_layer_cave, serial_park_tiny_2
D:10:     layout_stronghold, mainiacjoe_overflow_cross_hatched,
          dpeg_oklobed_lair, enter_bailey_5, nicolae_looking_at_the_future
D:11:     layout_basic, uniq_fannar
D:12:     layout_small_grid, zombieorc2_lemuel, serial_shops, shop,
          serial_nicolae_subway, nicolae_sub_station_crystal,
          nicolae_sub_station_metal, nicolae_sub_station_stone
D:13:     layout_stronghold, david_vaults_2, serial_column_ruins,
          column_ruins_hut, column_ruins_hut, column_ruins_grid_1,
          column_ruins_open_medium, column_ruins_open_tiny, uniq_jorgrun,
          uniq_josephine
D:14:     layout_grid_maze, minmay_misc_feat_four_crosses,
          minmay_misc_feat_columns, lightli_fourway_metalbox, uniq_azrael,
          uniq_kirke
D:15:     grunt_enter_depths_snipers, layout_loops_ring, minmay_bent
Temple:   nicolae_temple_ecumenical_triangle
Lair:1:   layout_big_grid, guppyfry_lair_drakes, uniq_amaemon
Lair:2:   layout_regular_city, minmay_swamp_entry_worms, dummy_spider_entry,
          gammafunk_ghost_hive, serial_bayou_pond_b
Lair:3:   layout_regular_city, st_stairs_5
Lair:4:   layout_regular_city
Lair:5:   minmay_lair_end_enchanted_forest, layout_gridlike,
          dpeg_slime_entry_corner, grunt_megastairs_3, uniq_snorg

Skill      XL: |  1  2  3  4  5  6  7  8  9 10 11 12 13 14 15 |
---------------+----------------------------------------------+-----
Stealth        | 5 6 7 8 9 10 | 10.0
Fighting       | 2 3 4 6 7 8 9 11 12 13 | 13.2
Short Blades   | 2 3 4 6 |  6.0
Throwing       | 2 |  2.0
Evocations     | 3 5 6 |  6.8
Armour         | 3 4 5 |  5.0
Invocations    | 2 6 8 10 11 12 13 | 13.8
Dodging        | 3 |  3.7
Staves         | 2 6 9 11 13 | 13.9

Action                   |  1- 3 |  4- 6 |  7- 9 | 10-12 | 13-15 | 16-18 || total
-------------------------+-------+-------+-------+-------+-------+-------++-------
Melee: Dagger            |    62 |       |   108 |   473 |       |       ||   643
       Bite              |     7 |    15 |   134 |   277 |   305 |    12 ||   750
       Short sword       |       |    85 |   297 |    62 |       |       ||   444
       Punch             |       |       |     8 |     9 |       |       ||    17
       Lajatang          |       |       |       |    91 |   770 |    17 ||   878
Throw: Dart              |    25 |    32 |    53 |    43 |    15 |       ||   168
       Throwing net      |       |       |       |     2 |     3 |       ||     5
Invok: Line Pass         |       |       |       |     4 |       |     1 ||     5
       Stomp             |       |       |       |     6 |    12 |       ||    18
       Grand Finale      |       |       |       |       |     2 |       ||     2
Evoke: Wand              |       |       |    19 |     9 |    23 |       ||    51
       Tin of tremorston |       |       |       |     2 |     5 |       ||     7
       Box of beasts     |       |       |       |     2 |     3 |     1 ||     6
       Condenser vane    |       |       |       |     1 |     4 |       ||     5
  Use: Scroll            |     4 |     3 |     7 |    14 |    10 |     1 ||    39
       Potion            |       |       |       |     3 |     3 |       ||     6
 Stab: Sleeping          |    11 |     1 |    14 |     6 |    15 |     1 ||    48
       Paralysed         |       |       |     1 |    31 |    95 |     1 ||   128
       Confused          |       |       |       |     2 |     1 |       ||     3
       Held in net/web   |       |       |       |     3 |     2 |       ||     5
       Distracted        |       |       |       |     2 |     5 |       ||     7
       Petrifying        |       |       |       |       |     3 |       ||     3
       Petrified         |       |       |       |       |     3 |       ||     3
Armor: Robe              |    11 |    18 |    16 |       |       |       ||    45
       Scale mail        |       |       |    75 |    35 |       |       ||   110
       Steam dragon scal |       |       |       |    36 |       |       ||    36
       Fire dragon scale |       |       |       |    58 |     5 |       ||    63
       Chain mail        |       |       |       |   125 |   362 |     7 ||   494
       Skin              |       |       |       |    17 |       |       ||    17
Dodge: Dodged            |    20 |    50 |   128 |   338 |   314 |     4 ||   854

Table legend: (Time is in decaauts)
 A = Elapsed time spent in this place.
 B = Non-inter-level travel time spent in this place.
 C = Inter-level travel time spent in this place.
 D = Time resting spent in this place.
 E = Time spent auto-exploring this place.
 F = Levels seen in this place.
 G = Mean time per level.
                   A        B        C        D        E       F      G
               +--------+--------+--------+--------+--------+-----+--------+
         Total |  25041 |  23169 |   1872 |    312 |  17899 |  23 | 1088.7 |
       Dungeon |  18687 |  17108 |   1579 |    225 |  13566 |  15 | 1245.8 |
        Temple |     10 |     10 |      0 |      0 |      0 |   1 |   10.0 |
          Lair |   4976 |   4683 |    293 |     63 |   3568 |   5 |  995.2 |
         Sewer |    872 |    872 |      0 |     23 |    594 |   1 |  872.0 |
        Bailey |    494 |    494 |      0 |      0 |    169 |   1 |  494.0 |
               +--------+--------+--------+--------+--------+-----+--------+

Top non-repeatable levels by time:
     D:3: 2947 daAuts
     D:9: 1654 daAuts
    D:10: 1528 daAuts
  Lair:5: 1446 daAuts
    D:11: 1404 daAuts
    D:14: 1326 daAuts
     D:8: 1266 daAuts
    D:13: 1227 daAuts
  Lair:2: 1165 daAuts
     D:6: 1116 daAuts
     D:5: 1103 daAuts
     D:7: 1092 daAuts
    D:12: 1056 daAuts
     D:1: 978 daAuts
  Lair:3: 887 daAuts
